[Event "XXIX Cracovia 2018"]
[Site "Krakow"]
[Date "2018.12.28"]
[Round "2"]
[White "Chmiel, Marcin"]
[Black "Biriukov, Nikolai"]
[Result "0-1"]
[ECO "B43"]
[WhiteElo "2247"]
[BlackElo "2365"]
[Annotator "NA"]
[PlyCount "134"]
[EventDate "2018.12.27"]
[EventType "swiss"]
[EventCountry "POL"]
[SourceTitle "playchess.com"]
[Source "ChessBase"]
[SourceQuality "1"]
[TimeControl "40/5400+30:1800+30"]

1. e4 c5 2. Nf3 a6 3. Nc3 e6 4. d4 cxd4 5. Nxd4 Qc7 6. Bd3 Bd6 7. Qg4 Be5 8. Be3 Nf6 9. Qh4 Nc6 10. Nxc6 Qxc6 11. O-O b5 12. f4 Bxc3 13. bxc3 Nxe4 14. Bxe4 Qxe4 15. Bc5 f6 16. Rad1 Bb7 17. Qf2 Bc6 18. f5 Qxf5 19. Qxf5 exf5 20. Rde1+ Kf7 21. Re7+ Kg6 22. Rfe1 Rhg8 23. Bd6 h6 24. R1e3 Kh7 25. a3 Be4 26. Rg3 Bc6 27. Rge3 Rac8 28. h4 h5 29. Kf2 Kh6 30. Rf7 Rce8 31. Rxe8 Rxe8 32. Bf8 Kh7 33. Bc5 Kg8 34. Re7 Rxe7 35. Bxe7 Kf7 36. Bb4 f4 37. g3 fxg3+ 38. Kxg3 g5 39. hxg5 fxg5 40. Ba5 Be4 41. c4 Bxc2 42. cxb5 axb5 43. Bd8 Kg6 44. Kf3 h4 45. Be7 Kh5 46. Bd8 g4+ 47. Kf4 Bd1 48. Be7 g3 49. Bd8 Bg4 50. Be7 Be6 51. Bd8 g2 52. Bb6 h3 53. Bg1 Kg6 54. Bh2 Kf6 55. Bg1 Ke7 56. Ke5 d6+ 57. Ke4 Kf6 58. Kf4 Bd7 59. Bh2 Ke6 60. Ke4 Bc6+ 61. Kd4 Bb7 62. Ke3 Kd5 63. Kd3 Bc8 64. Ke3 Kc4 65. Kf2 d5 66. Ke3 Be6 67. Bg1 Kc3 {[%emt 0:00:30] Kd4+} 0-1

[Event "XXIX Cracovia 2018"]
[Site "Krakow"]
[Date "2018.12.28"]
[Round "2"]
[White "Rakhmangulova, Anastasiya"]
[Black "Paszewski, Mateusz"]
[Result "1/2-1/2"]
[ECO "B78"]
[WhiteElo "2233"]
[BlackElo "2342"]
[Annotator "NA"]
[PlyCount "55"]
[EventDate "2018.12.27"]
[EventType "swiss"]
[EventCountry "POL"]
[SourceTitle "playchess.com"]
[Source "ChessBase"]
[SourceQuality "1"]
[TimeControl "40/5400+30:1800+30"]

1. e4 c5 2. Nf3 Nc6 3. d4 cxd4 4. Nxd4 g6 5. Nc3 Bg7 6. Be3 d6 7. Qd2 Nf6 8. f3 O-O 9. Bc4 Bd7 10. O-O-O Rc8 11. Bb3 Nxd4 12. Bxd4 b5 13. Bxa7 b4 14. Nd5 Nxd5 15. exd5 Qa5 16. Qe3 Ba4 17. Bd4 Rc7 18. Bxg7 Kxg7 19. h4 Rfc8 20. Rd2 Bxb3 21. Qxb3 Ra8 22. Rd4 Qxa2 23. Qxa2 Rxa2 24. Rhd1 Rc5 25. Kb1 Rca5 26. Kc1 Rc5 27. Kb1 Rca5 28. Kc1 1/2-1/2

[Event "XXIX Cracovia 2018"]
[Site "Krakow"]
[Date "2018.12.28"]
[Round "2"]
[White "Bukojemski, Adam"]
[Black "Colijn, Stefan"]
[Result "1/2-1/2"]
[ECO "B07"]
[WhiteElo "2218"]
[BlackElo "2331"]
[Annotator "NA"]
[PlyCount "83"]
[EventDate "2018.12.27"]
[EventType "swiss"]
[EventCountry "POL"]
[SourceTitle "playchess.com"]
[Source "ChessBase"]
[SourceQuality "1"]
[TimeControl "40/5400+30:1800+30"]

1. e4 d6 2. d4 Nf6 3. Nc3 c6 4. f4 Qa5 5. Bd3 e5 6. Nf3 exd4 7. Nxd4 g6 8. O-O Bg7 9. Kh1 O-O 10. f5 Nbd7 11. Qe1 Re8 12. Qh4 d5 13. fxg6 hxg6 14. exd5 Nxd5 15. Ne4 Nf8 16. Rxf7 Kxf7 17. Nd6+ Kg8 18. Nxe8 Bxd4 19. Bh6 Bxb2 20. Rf1 Bf5 21. Bxf5 Rxe8 22. Qg3 Qc3 23. Be6+ Kh8 24. Rxf8+ Rxf8 25. Qxc3+ Bxc3 26. Bxf8 Bb4 27. Bh6 Bc3 28. h4 Kh7 29. Bc1 Kg7 30. Bc8 b5 31. Bd7 Nb4 32. a3 Nxc2 33. Bxc6 b4 34. axb4 Nxb4 35. Be8 Nd3 36. Be3 a5 37. g4 Ne5 38. g5 Nf3 39. Bf2 Bd2 40. Kg2 Nxg5 41. Bd4+ Kh6 42. hxg5+ 1/2-1/2

[Event "XXIX Cracovia 2018"]
[Site "Krakow"]
[Date "2018.12.28"]
[Round "2"]
[White "Strybuk, Artsiom I"]
[Black "Grela, Kacper"]
[Result "0-1"]
[ECO "D37"]
[WhiteElo "2172"]
[BlackElo "2305"]
[Annotator "NA"]
[PlyCount "118"]
[EventDate "2018.12.27"]
[EventType "swiss"]
[EventCountry "POL"]
[SourceTitle "playchess.com"]
[Source "ChessBase"]
[SourceQuality "1"]
[TimeControl "40/5400+30:1800+30"]

1. d4 Nf6 2. c4 e6 3. Nc3 d5 4. Nf3 Be7 5. g3 dxc4 6. Bg2 Nbd7 7. Nd2 Nb6 8. Nxc4 Nxc4 9. Qa4+ c6 10. Qxc4 O-O 11. O-O Qa5 12. Rb1 b5 13. b4 bxc4 14. bxa5 Nd5 15. Bd2 Ba6 16. e4 Nb4 17. e5 Rfd8 18. Be3 Rab8 19. a3 Nd5 20. Bxd5 exd5 21. Rxb8 Rxb8 22. Rb1 Rb3 23. Rxb3 cxb3 24. Bc1 Bd8 25. Bb2 Bxa5 26. f4 c5 27. Na4 cxd4 28. Bxd4 Bb5 29. Nb2 h5 30. Kf2 a6 31. Ke3 Kh7 32. Bc5 Kg6 33. Kd4 Bc4 34. Bb4 Bb6+ 35. Bc5 Bd8 36. Bf8 Kf5 37. Bxg7 Bb6+ 38. Kc3 Ba5+ 39. Kd4 Bb6+ 40. Kc3 Kg4 41. Bf6 Bc5 42. a4 Ba3 43. Bg7 Kf5 44. h3 a5 45. Nd1 Ke4 46. Kd2 d4 47. g4 hxg4 48. hxg4 b2 49. Nxb2 Bxb2 50. f5 Bb3 51. e6 Bc3+ 52. Kc1 fxe6 53. fxe6 Bxe6 54. g5 Kd3 55. Bf6 Bf5 56. Kd1 Kc4 57. Be5 d3 58. Bf4 Kb3 59. Bc7 Bg4+ 0-1

[Event "XXIX Cracovia 2018"]
[Site "Krakow"]
[Date "2018.12.28"]
[Round "2"]
[White "Kubicka, Anna"]
[Black "Baum, Jonasz"]
[Result "1/2-1/2"]
[ECO "B90"]
[WhiteElo "2168"]
[BlackElo "2302"]
[Annotator "NA"]
[PlyCount "77"]
[EventDate "2018.12.27"]
[EventType "swiss"]
[EventCountry "POL"]
[SourceTitle "playchess.com"]
[Source "ChessBase"]
[SourceQuality "1"]
[TimeControl "40/5400+30:1800+30"]

1. e4 c5 2. Nf3 d6 3. d4 cxd4 4. Nxd4 Nf6 5. Nc3 a6 6. Be3 e6 7. f3 b5 8. g4 h6 9. Qd2 b4 10. Nce2 e5 11. Nf5 d5 12. g5 hxg5 13. Bxg5 Be6 14. Neg3 d4 15. f4 Nc6 16. Bg2 exf4 17. Qxf4 Qa5 18. O-O O-O-O 19. a3 bxa3 20. bxa3 Qc5 21. Kh1 Ne5 22. h3 Rd7 23. Nxg7 Bxg7 24. Bxf6 Ng6 25. Qg5 Qxg5 26. Bxg5 d3 27. Rac1 Bb2 28. Rb1 d2 29. Rfd1 Bg4 30. Rxd2 Rxd2 31. Bxd2 Bxa3 32. Ra1 Bd6 33. Nf5 Bb8 34. Rxa6 Bxh3 35. Bxh3 Rxh3+ 36. Kg1 Nh4 37. Nxh4 Rxh4 38. Rf6 Rxe4 39. Rxf7 1/2-1/2

[Event "XXIX Cracovia 2018"]
[Site "Krakow"]
[Date "2018.12.28"]
[Round "2"]
[White "Luba, Lukasz"]
[Black "Lee, Qing Aun"]
[Result "0-1"]
[ECO "A00"]
[WhiteElo "2135"]
[BlackElo "2297"]
[Annotator "NA"]
[PlyCount "70"]
[EventDate "2018.12.27"]
[EventType "swiss"]
[EventCountry "POL"]
[SourceTitle "playchess.com"]
[Source "ChessBase"]
[SourceQuality "1"]
[TimeControl "40/5400+30:1800+30"]

1. a3 d5 2. d4 Nf6 3. Nf3 Bf5 4. Bf4 e6 5. e3 Bd6 6. Bg3 O-O 7. Bd3 Bg6 8. Bxg6 hxg6 9. Nbd2 Nbd7 10. Ne5 Bxe5 11. dxe5 Nh5 12. f4 f6 13. Qg4 Qe8 14. Nf3 c5 15. O-O-O b5 16. Be1 a5 17. Qh3 fxe5 18. fxe5 Rxf3 19. gxf3 Nxe5 20. Rg1 Ra6 21. Rg5 Nc4 22. f4 b4 23. b3 Nxa3 24. Re5 c4 25. Rdxd5 cxb3 26. Rxh5 gxh5 27. Rxh5 Qg6 28. f5 exf5 29. Rh8+ Kf7 30. Qf3 Rc6 31. Kb2 Rxc2+ 32. Kxb3 Qe6+ 33. Ka4 Qd7+ 34. Kb3 Qd3+ 35. Ka4 Qb5+ 0-1

[Event "XXIX Cracovia 2018"]
[Site "Krakow"]
[Date "2018.12.28"]
[Round "2"]
[White "Zaleski, Lukasz"]
[Black "Roshka, Yevgeniy"]
[Result "1-0"]
[ECO "B06"]
[WhiteElo "2116"]
[BlackElo "2293"]
[Annotator "NA"]
[PlyCount "87"]
[EventDate "2018.12.27"]
[EventType "swiss"]
[EventCountry "POL"]
[SourceTitle "playchess.com"]
[Source "ChessBase"]
[SourceQuality "1"]
[TimeControl "40/5400+30:1800+30"]

1. e4 g6 2. d4 Bg7 3. Nc3 d6 4. Be3 a6 5. Qd2 Nd7 6. O-O-O b5 7. Kb1 Bb7 8. f3 Rc8 9. g4 h6 10. h4 Nb6 11. a3 Nf6 12. Nh3 Nfd7 13. f4 c5 14. d5 g5 15. hxg5 hxg5 16. Be2 gxf4 17. Nxf4 Rg8 18. g5 Ne5 19. Bh5 Nbc4 20. Qf2 Qa5 21. g6 fxg6 22. Nxg6 Nxg6 23. Bxg6+ Kd8 24. Qf7 Bxc3 25. Rh7 Bf6 26. e5 Nxe5 27. Qxg8+ Kc7 28. Qe6 Kb8 29. Rxe7 Bxe7 30. Qxe7 Qc7 31. Qe6 Rf8 32. Be4 Nc4 33. Bh6 Bc8 34. Bxf8 Bxe6 35. dxe6 d5 36. Rxd5 Qf4 37. e7 Qxe4 38. Rd8+ Kc7 39. e8=Q Nd2+ 40. Kc1 Qh1+ 41. Kxd2 Qg2+ 42. Kc3 Qg3+ 43. Rd3 Qe1+ 44. Qxe1 1-0

[Event "XXIX Cracovia 2018"]
[Site "Krakow"]
[Date "2018.12.28"]
[Round "2"]
[White "Janus, Przemyslaw"]
[Black "Mielczarek, Daniel"]
[Result "1/2-1/2"]
[ECO "E15"]
[WhiteElo "2091"]
[BlackElo "1930"]
[Annotator "NA"]
[PlyCount "50"]
[EventDate "2018.12.27"]
[EventType "swiss"]
[EventCountry "POL"]
[SourceTitle "playchess.com"]
[Source "ChessBase"]
[SourceQuality "1"]
[TimeControl "40/5400+30:1800+30"]

1. d4 Nf6 2. c4 e6 3. Nf3 b6 4. g3 Bb7 5. Bg2 c5 6. dxc5 Bxc5 7. O-O O-O 8. Nc3 Nc6 9. Bg5 Be7 10. Qa4 Na5 11. Ne5 Bxg2 12. Kxg2 Qc7 13. Bxf6 gxf6 14. Nf3 Nxc4 15. Nb5 Qc6 16. Rfc1 a6 17. Rxc4 Qxb5 18. Qxb5 axb5 19. Rc7 Rfd8 20. a3 b4 21. a4 Kf8 22. b3 Bd6 23. Rb7 Rab8 24. Rxb8 Rxb8 25. Rc1 Ke7 1/2-1/2

[Event "XXIX Cracovia 2018"]
[Site "Krakow"]
[Date "2018.12.28"]
[Round "2"]
[White "Romashov, Anton"]
[Black "Jeda, Maciej"]
[Result "1-0"]
[ECO "A48"]
[WhiteElo "2076"]
[BlackElo "1917"]
[Annotator "NA"]
[PlyCount "63"]
[EventDate "2018.12.27"]
[EventType "swiss"]
[EventCountry "POL"]
[SourceTitle "playchess.com"]
[Source "ChessBase"]
[SourceQuality "1"]
[TimeControl "40/5400+30:1800+30"]

1. d4 Nf6 2. Nf3 g6 3. Bf4 Bg7 4. e3 O-O 5. Bd3 d6 6. O-O Nd5 7. Bg5 Nb4 8. Bc4 d5 9. Bb3 c6 10. Qd2 N4a6 11. c4 Bg4 12. cxd5 Bxf3 13. gxf3 cxd5 14. Nc3 Nc7 15. Rac1 Nc6 16. Na4 h6 17. Bh4 Na6 18. Nc5 Nxc5 19. Rxc5 g5 20. Rxd5 Qb6 21. Bg3 Rad8 22. Rc1 e6 23. Rdc5 Kh8 24. Ba4 Nxd4 25. exd4 Bxd4 26. Rb5 Qa6 27. Rb4 e5 28. Qe1 Rd5 29. Qe4 Ra5 30. Bb3 f5 31. Qxb7 Qxb7 32. Rxb7 1-0

[Event "XXIX Cracovia 2018"]
[Site "Krakow"]
[Date "2018.12.28"]
[Round "2"]
[White "Andronescu, Madalin"]
[Black "Seregina, Maria"]
[Result "1-0"]
[ECO "B06"]
[WhiteElo "2070"]
[BlackElo "1907"]
[Annotator "NA"]
[PlyCount "79"]
[EventDate "2018.12.27"]
[EventType "swiss"]
[EventCountry "POL"]
[SourceTitle "playchess.com"]
[Source "ChessBase"]
[SourceQuality "1"]
[TimeControl "40/5400+30:1800+30"]

1. e4 g6 2. d4 Bg7 3. c4 Nf6 4. e5 Ng8 5. Nc3 d6 6. Nf3 Nc6 7. exd6 exd6 8. Be2 Nge7 9. d5 Ne5 10. O-O O-O 11. Bf4 Nf5 12. Qd2 h6 13. h3 Bd7 14. Rfe1 Kh7 15. b4 Nh4 16. Nxh4 Qxh4 17. Rac1 f5 18. Bg3 Qg5 19. Qxg5 hxg5 20. f4 gxf4 21. Bxf4 Bf6 22. c5 g5 23. Bd2 g4 24. hxg4 fxg4 25. cxd6 cxd6 26. Ne4 Bd8 27. Be3 Nf7 28. Rf1 Kg8 29. Nf6+ Bxf6 30. Rxf6 Rfe8 31. Rc3 Re5 32. Bxg4 Bxg4 33. Rg6+ Kf8 34. Rxg4 Rae8 35. Bd4 Re1+ 36. Kh2 R1e4 37. Bg7+ Kg8 38. Rgg3 Kh7 39. Bf6 Ne5 40. Rg7+ 1-0

[Event "XXIX Cracovia 2018"]
[Site "Krakow"]
[Date "2018.12.28"]
[Round "2"]
[White "Patsia, Zviad"]
[Black "Shamatava, Nikolozi"]
[Result "1-0"]
[ECO "A34"]
[WhiteElo "2058"]
[BlackElo "1866"]
[Annotator "NA"]
[PlyCount "107"]
[EventDate "2018.12.27"]
[EventType "swiss"]
[EventCountry "POL"]
[SourceTitle "playchess.com"]
[Source "ChessBase"]
[SourceQuality "1"]
[TimeControl "40/5400+30:1800+30"]

1. c4 Nf6 2. Nc3 c5 3. g3 Nc6 4. Bg2 e6 5. Nf3 Be7 6. O-O O-O 7. d4 cxd4 8. Nxd4 a6 9. b3 Qc7 10. Bb2 d6 11. Rc1 Nxd4 12. Qxd4 e5 13. Nd5 Nxd5 14. Qxd5 Ra7 15. c5 dxc5 16. Bxe5 Qd7 17. Qxd7 Bxd7 18. Bc7 Bc6 19. Bxc6 bxc6 20. Bb6 Rd7 21. Bxc5 Bxc5 22. Rxc5 Rd2 23. Ra5 Rxe2 24. Rd1 f5 25. Rd4 g5 26. Rd7 f4 27. Rxg5+ Kh8 28. Rgg7 Rf6 29. Rxh7+ Kg8 30. Rhe7 Rxa2 31. Re8+ Rf8 32. Rxf8+ Kxf8 33. gxf4 Rb2 34. Rd3 Kf7 35. Kg2 Ke6 36. Kf3 Rb1 37. Re3+ Kf5 38. Rc3 a5 39. Rc5+ Ke6 40. Rxc6+ Kd5 41. Rc3 Rh1 42. Kg2 Rd1 43. Re3 Kc5 44. h4 Rd8 45. f5 Rf8 46. Rf3 Kd5 47. f6 Rf7 48. Kg3 Ke6 49. Kg4 Kd7 50. Kg5 Ke8 51. Kg6 Rc7 52. Rf5 Kf8 53. Rxa5 Rc8 54. Rh5 1-0

[Event "XXIX Cracovia 2018"]
[Site "Krakow"]
[Date "2018.12.28"]
[Round "2"]
[White "Lada, Ireneusz"]
[Black "Kusnetsov, Igor"]
[Result "0-1"]
[ECO "A30"]
[WhiteElo "1944"]
[BlackElo "2094"]
[Annotator "NA"]
[PlyCount "86"]
[EventDate "2018.12.27"]
[EventType "swiss"]
[EventCountry "POL"]
[SourceTitle "playchess.com"]
[Source "ChessBase"]
[SourceQuality "1"]
[TimeControl "40/5400+30:1800+30"]

1. c4 c5 2. Nf3 Nc6 3. Nc3 e5 4. g3 g6 5. Bg2 Bg7 6. O-O Nge7 7. d3 O-O 8. a3 d6 9. Rb1 a5 10. Ne1 Be6 11. Nd5 Rb8 12. Bg5 f6 13. Bd2 b5 14. b3 f5 15. Bg5 h6 16. Nxe7+ Nxe7 17. Bxe7 Qxe7 18. Bd5 Bxd5 19. cxd5 e4 20. Qd2 Ra8 21. Ng2 g5 22. a4 f4 23. dxe4 Qxe4 24. axb5 Be5 25. Rfd1 Rfb8 26. gxf4 gxf4 27. Rbc1 Ra7 28. f3 Qg6 29. Qd3 Qxd3 30. Rxd3 Rxb5 31. Rc4 Rb4 32. e3 Rxc4 33. bxc4 a4 34. Ra3 fxe3 35. Nxe3 Bd4 36. Kf2 Re7 37. Rxa4 Rxe3 38. Kg3 Be5+ 39. Kg4 Kg7 40. h4 Kg6 41. h5+ Kf6 42. Ra8 Rc3 43. Ra4 Rc1 0-1

[Event "XXIX Cracovia 2018"]
[Site "Krakow"]
[Date "2018.12.28"]
[Round "2"]
[White "Bakalarz, Leszek"]
[Black "Siprashvili, Ivane"]
[Result "1/2-1/2"]
[ECO "C16"]
[WhiteElo "1927"]
[BlackElo "2074"]
[Annotator "NA"]
[PlyCount "153"]
[EventDate "2018.12.27"]
[EventType "swiss"]
[EventCountry "POL"]
[SourceTitle "playchess.com"]
[Source "ChessBase"]
[SourceQuality "1"]
[TimeControl "40/5400+30:1800+30"]

1. e4 e6 2. d4 d5 3. Nc3 Bb4 4. e5 b6 5. Qg4 Bf8 6. Be3 Qd7 7. O-O-O Ba6 8. Bxa6 Nxa6 9. Qe2 Nb8 10. f4 Ne7 11. Nf3 h5 12. Nh4 g6 13. h3 Nbc6 14. g4 Na5 15. b3 Nec6 16. Kb2 Qe7 17. Ng2 Qb4 18. Nb1 Nc4+ 19. Kc1 Nxe3 20. c3 Qe7 21. Nxe3 O-O-O 22. Kb2 Kb7 23. f5 Bh6 24. f6 Qd7 25. Ng2 Na5 26. gxh5 gxh5 27. Nh4 c5 28. Nf3 c4 29. h4 cxb3 30. axb3 a6 31. Ng5 Rc8 32. Na3 Bf8 33. Nc2 Rc7 34. Ra1 Qb5 35. Qxb5 axb5 36. Rh3 Rg8 37. Rc1 Bh6 38. Rg3 Bxg5 39. Rxg5 Rgc8 40. Nb4 Nc6 41. Nxc6 Rxc6 42. b4 Rh8 43. Rcg1 Rcc8 44. Rg7 Rcf8 45. Kc2 Kb8 46. Kb3 Kc7 47. Ra1 Kb7 48. Rg2 Rb8 49. Rga2 Kc7 50. Ra7+ Rb7 51. Rxb7+ Kxb7 52. Rg1 Kc7 53. Rg7 Rf8 54. Rh7 Kd7 55. Rxh5 Rg8 56. Rg5 Rh8 57. h5 Ke8 58. Rg1 Rxh5 59. Ra1 Rh3 60. Ra8+ Kd7 61. Ra7+ Kc6 62. Ra8 Rg3 63. Rf8 Rh3 64. Kc2 Rh7 65. Kd3 Rh3+ 66. Ke2 Rg3 67. c4 dxc4 68. Rxf7 c3 69. Rg7 c2 70. Kd2 Rc3 71. Kc1 Kd5 72. Rd7+ Ke4 73. f7 Rc8 74. Re7 Rf8 75. Rd7 Rc8 76. d5 Kxe5 77. Re7 1/2-1/2

[Event "XXIX Cracovia 2018"]
[Site "Krakow"]
[Date "2018.12.28"]
[Round "2"]
[White "Gawronski, Lukasz"]
[Black "Ilandzis, Spyridon"]
[Result "1-0"]
[ECO "A10"]
[WhiteElo "1916"]
[BlackElo "2052"]
[Annotator "NA"]
[PlyCount "60"]
[EventDate "2018.12.27"]
[EventType "swiss"]
[EventCountry "POL"]
[SourceTitle "playchess.com"]
[Source "ChessBase"]
[SourceQuality "1"]
[TimeControl "40/5400+30:1800+30"]

1. c4 b6 2. Nc3 Bb7 3. e4 e6 4. d4 Bb4 5. f3 f5 6. exf5 Nh6 7. fxe6 Nf5 8. Bf4 dxe6 9. Qa4+ Nc6 10. O-O-O Nfxd4 11. Be3 e5 12. Bd3 O-O 13. Be4 Bc5 14. b4 Ne2+ 15. Ngxe2 Bxe3+ 16. Kb1 Qf6 17. Nd5 Qh6 18. Ng3 Bd4 19. Nf5 Rxf5 20. Bxf5 a5 21. Nxc7 Qg5 22. Be6+ Kh8 23. Nxa8 Qxg2 24. Qc2 Qxc2+ 25. Kxc2 Nxb4+ 26. Kb3 Bxa8 27. Rhf1 Bc6 28. f4 Be4 29. fxe5 Bc2+ 30. Ka3 Bc5 1-0

[Event "XXIX Cracovia 2018"]
[Site "Krakow"]
[Date "2018.12.28"]
[Round "2"]
[White "Jajte-Pachota, Jerzy"]
[Black "Kumor, Lukasz"]
[Result "1/2-1/2"]
[ECO "B20"]
[WhiteElo "1905"]
[BlackElo "2040"]
[Annotator "NA"]
[PlyCount "173"]
[EventDate "2018.12.27"]
[EventType "swiss"]
[EventCountry "POL"]
[SourceTitle "playchess.com"]
[Source "ChessBase"]
[SourceQuality "1"]
[TimeControl "40/5400+30:1800+30"]

1. e4 c5 2. Bc4 Nc6 3. Nc3 Nf6 4. d3 e6 5. Nge2 d5 6. exd5 exd5 7. Bb3 d4 8. Nb1 Bd6 9. Bf4 O-O 10. O-O Bg4 11. Bxd6 Qxd6 12. Nd2 Qe5 13. Re1 Rae8 14. f3 Be6 15. Ng3 Qc7 16. Nde4 Nd7 17. Qd2 Nb4 18. a3 Nc6 19. Ba4 a6 20. Bxc6 Qxc6 21. Qf4 Bd5 22. Nf5 g6 23. Qg3 Kh8 24. Nh6 f5 25. Ng5 Nf6 26. Rxe8 Rxe8 27. Nhf7+ Kg7 28. Nd6 Re7 29. Nc4 Bxc4 30. dxc4 h6 31. Nh3 Nh5 32. Qf2 Qe6 33. b3 Qe5 34. f4 Qe3 35. Kf1 Nf6 36. Re1 Qxe1+ 37. Qxe1 Rxe1+ 38. Kxe1 Ng4 39. Kd2 Nxh2 40. Nf2 Nf1+ 41. Kc1 Ne3 42. g3 Kf6 43. Nd3 b6 44. Ne5 Nf1 45. Nd7+ Kf7 46. Nxb6 Nxg3 47. b4 cxb4 48. axb4 Ne2+ 49. Kd2 Nxf4 50. Nd7 h5 51. b5 axb5 52. cxb5 Ke6 53. Nc5+ Kd5 54. b6 Kc6 55. b7 Kc7 56. Ke1 Nd5 57. Kf2 Kb8 58. Ne6 Kxb7 59. Nxd4 Kb6 60. Kg3 Kc5 61. Nf3 Kd6 62. Kh4 Ke6 63. Kg5 Ne7 64. c4 Kf7 65. Ne5+ Ke6 66. Nf3 Kf7 67. Ne5+ Kg7 68. c5 h4 69. Kxh4 Kf6 70. Nd7+ Ke6 71. Nb6 Nd5 72. Nc4 Kf6 73. c6 g5+ 74. Kh5 Nf4+ 75. Kh6 Nd5 76. Kh5 Nf4+ 77. Kh6 Nd5 78. Kh5 g4 79. Ne3 Nf4+ 80. Kh4 Ng6+ 81. Kh5 Ne7 82. Nxg4+ Ke6 83. Kg5 Nd5 84. c7 Nxc7 85. Ne3 Nd5 86. Nxd5 Kxd5 87. Kxf5 1/2-1/2

[Event "XXIX Cracovia 2018"]
[Site "Krakow"]
[Date "2018.12.29"]
[Round "3"]
[White "Janik, Igor"]
[Black "Belous, Mikhail"]
[Result "1-0"]
[ECO "E63"]
[WhiteElo "2476"]
[BlackElo "2299"]
[Annotator "ChessBase"]
[PlyCount "83"]
[EventDate "2018.12.27"]
[EventType "swiss"]
[EventCountry "POL"]
[SourceTitle "playchess.com"]
[Source "ChessBase"]
[SourceQuality "1"]
[TimeControl "40/5400+30:1800+30"]

1. d4 Nf6 2. c4 g6 3. Nf3 Bg7 4. g3 O-O 5. Bg2 d6 6. O-O Nc6 7. Nc3 a6 8. Qc2 Rb8 9. Rd1 Bd7 10. e4 b5 11. e5 Ne8 12. c5 Qc8 13. Bf4 h6 14. h4 dxc5 15. dxc5 Bg4 16. Qe4 Qe6 17. Re1 b4 18. Na4 Bf5 19. Qe3 Kh7 20. b3 Rd8 21. Bf1 Bg4 22. Nh2 Nd4 23. Bc4 Qc8 24. Rac1 a5 25. f3 Bf5 26. g4 Be6 27. Bd3 Qa8 28. Be4 Qa6 29. h5 c6 30. Nb2 Nc7 31. Bd3 Ncb5 32. Qe4 Kg8 33. hxg6 fxg6 34. Bxh6 Bf5 35. gxf5 Bxh6 36. f6 Nf5 37. Qg4 Kh8 38. Bxf5 gxf5 39. Qh5 Kh7 40. Qxf5+ Kh8 41. Qh5 Kh7 42. Ng4 1-0

[Event "XXIX Cracovia 2018"]
[Site "Krakow"]
[Date "2018.12.29"]
[Round "3"]
[White "Kosakowski, Jakub"]
[Black "Lee, Qing Aun"]
[Result "1/2-1/2"]
[ECO "C00"]
[WhiteElo "2415"]
[BlackElo "2297"]
[Annotator "NA"]
[PlyCount "79"]
[EventDate "2018.12.27"]
[EventType "swiss"]
[EventCountry "POL"]
[SourceTitle "playchess.com"]
[Source "ChessBase"]
[SourceQuality "1"]
[TimeControl "40/5400+30:1800+30"]

1. e4 e6 2. Qe2 c5 3. Nf3 Nc6 4. g3 g6 5. Bg2 Bg7 6. O-O Nge7 7. c3 e5 {[%emt 0:03:34] C00: French: Unusual White 2nd moves} 8. Na3 {[%emt 0:04:59] LiveBook: 10 Games} O-O 9. Nc2 d5 10. d3 h6 11. b4 cxb4 12. cxb4 a6 13. Bb2 d4 14. Nd2 {[%emt 0:00:22] [#]} Be6 $146 ({Predecessor:} 14... Re8 15. a4 Be6 {0-1 (71) King,D (2530)-Nunn,J (2610) Bunratty 1998}) 15. a3 g5 16. Rac1 b5 17. Na1 Qb6 18. Nab3 a5 19. bxa5 Nxa5 20. Nc5 Rac8 21. Nxe6 Qxe6 22. Rxc8 Rxc8 23. Rc1 Qa2 24. Rxc8+ Nxc8 25. Nf3 Qb1+ 26. Bf1 $1 Nb6 27. Qd2 Nc6 28. h4 f6 29. Bc1 Na4 30. hxg5 hxg5 31. Bh3 Nc5 32. Ne1 Kf8 33. Kg2 $11 Nb3 34. Qd1 Nxc1 35. Bd7 Nd8 36. Qh5 Nf7 37. Be6 Nh6 38. Bd7 Nf7 39. Be6 Nh6 40. Bd7 1/2-1/2

[Event "XXIX Cracovia 2018"]
[Site "Krakow"]
[Date "2018.12.29"]
[Round "3"]
[White "Hnydiuk, Aleksander"]
[Black "Krallis, Christos"]
[Result "1-0"]
[ECO "E06"]
[WhiteElo "2409"]
[BlackElo "2261"]
[Annotator "NA"]
[PlyCount "123"]
[EventDate "2018.12.27"]
[EventType "swiss"]
[EventCountry "POL"]
[SourceTitle "playchess.com"]
[Source "ChessBase"]
[SourceQuality "1"]
[TimeControl "40/5400+30:1800+30"]

1. Nf3 Nf6 2. c4 e6 3. g3 d5 4. d4 Be7 5. Bg2 O-O 6. O-O c6 7. b3 b6 8. Bb2 Bb7 9. Nc3 Nbd7 10. Qd3 c5 {[%emt 0:11:42] LiveBook: 6 Games E07: Closed Catalan: Main Line (5 Nf3 0-0 6 0-0 Nbd7)} 11. cxd5 exd5 12. Rfd1 Ne4 $146 ({Predecessor:} 12... Re8 13. e3 Bf8 14. Rac1 Rc8 15. Qb1 h6 16. dxc5 bxc5 17. Ne1 Nb6 {½-½ (54) Iotov,V (2556)-Farago,I (2482) Bad Woerishofen 2009}) 13. Rac1 Bf6 14. Qb1 Nxc3 15. Bxc3 Re8 16. e3 Qe7 17. Ne1 Rad8 18. Nd3 cxd4 19. Bb4 Qe6 20. Nf4 Qe5 21. Rxd4 (21. exd4 $142 Qb8 22. Nxd5 (22. Bxd5 Bg5 $14)) 21... Nf8 22. Rdd1 Ne6 23. Bc3 d4 24. Bxd4 $16 ({Much worse is} 24. Bxb7 $6 dxc3 25. Nd5 Nc5 $14) 24... Nxd4 25. Bxb7 Ne6 26. Nd5 Nc5 27. Bc6 Re6 28. Nxf6+ Qxf6 29. Rxd8+ Qxd8 30. Rd1 Rd6 31. Bf3 Rxd1+ 32. Qxd1 Qxd1+ 33. Bxd1 Kf8 34. Bc2 Ke7 35. f4 Ke6 36. Kf2 g6 37. e4 Kd6 38. Ke3 f6 39. Bd3 Ne6 40. Bc4 Nc7 41. Kd4 h6 42. Bf7 g5 43. Bc4 Ke7 44. e5 gxf4 45. gxf4 f5 46. Bd3 Ne6+ 47. Ke3 Ng7 48. Bc4 Ne8 49. Bg8 Ng7 50. Bh7 Ke6 51. Bg6 Ke7 52. b4 Kd7 53. Kd3 Ke7 54. a3 b5 55. Ke3 Kf8 56. Bh7 Kf7 57. Kd4 Ne6+ 58. Kd5 Nxf4+ 59. Kd6 Ne6 60. Bxf5 Nd4 61. Bd3 a6 62. Be4 1-0

[Event "XXIX Cracovia 2018"]
[Site "Krakow"]
[Date "2018.12.29"]
[Round "3"]
[White "Molenda, Marcin"]
[Black "Marczuk, Dominik"]
[Result "0-1"]
[ECO "E62"]
[WhiteElo "2383"]
[BlackElo "2274"]
[Annotator "NA"]
[PlyCount "86"]
[EventDate "2018.12.27"]
[EventType "swiss"]
[EventCountry "POL"]
[SourceTitle "playchess.com"]
[Source "ChessBase"]
[SourceQuality "1"]
[TimeControl "40/5400+30:1800+30"]

1. d4 Nf6 2. Nf3 g6 3. c4 Bg7 4. g3 O-O 5. Bg2 d6 6. O-O Nc6 7. Nc3 Bf5 8. d5 Na5 9. Nd4 Bd7 10. b3 c5 11. dxc6 bxc6 12. e4 {[%emt 0:17:24] E62: King's Indian: Fianchetto: 6...c6 and Panno Variation (6...Nc6) without ...a6} Rb8 13. h3 c5 14. Nde2 Nc6 15. Be3 Ne8 16. f4 $146 ({Predecessor:} 16. Qd2 Nc7 17. Rad1 Ne6 18. Bh6 Ned4 19. Bxg7 Kxg7 {1-0 (40) Macias Murillo,B (2382)-Felgaer,R (2564) Quito 2012}) 16... f5 17. Rc1 Nc7 18. e5 dxe5 19. fxe5 Ne6 20. Bd5 Kh8 21. Bxe6 (21. Nf4 $16 Ned4 22. e6) 21... Bxe6 22. Nf4 Bg8 23. Qxd8 Rfxd8 24. Bxc5 Bxe5 25. Kg2 Bg7 26. Rf2 e5 $11 27. Nfd5 Rd7 28. Rd1 Rbd8 29. Ne3 Nd4 30. Ncd5 Bh6 31. Ba3 Nc6 32. Bb2 Bxe3 33. Nxe3 Rxd1 34. Nxd1 Rxd1 35. Re2 Nd4 36. Kf2 Kg7 37. Rxe5 Rd2+ 38. Ke3 Rxb2 39. Kxd4 Rxa2 40. b4 Kf6 41. Re8 Bf7 42. Rb8 Rd2+ 43. Ke3 Rg2 0-1